 Dungeon Crawl Stone Soup version 0.32-a0-876-gcfddb08e57 (webtiles) character file.

Game seed: 4932678319845720080

13510 DEFE the Fetichist (level 12, -5/81 HPs)
             Began as a Coglin Fighter on Apr 1, 2024.
             Was an Initiate of Gozag.
             Slain by a cane toad (17 damage)
             ... on level 1 of the Lair of Beasts.
             The game lasted 00:13:14 (15014 turns).

DEFE the Fetichist (Coglin Fighter)                Turns: 15014, Time: 00:13:15

Health: -5/81      AC: 12    Str: 21    XL:     12   Next: 6%
Magic:  12/12      EV:  7    Int:  7    God:    Gozag
Gold:   278        SH:  0    Dex: 15    Spells: 11/11 levels left

rFire   + . .        G - +2 war axe "Suliseti" {flame, rF+}
rCold   . . .        y - +2 mace (protect) {Haruki}
rNeg    . . .        h - +0 chain mail
rPois   .            F - +0 helmet
rElec   .            z - +1 cloak {Stlth+}
rCorr   .            (no gloves)
SInv    .            (no boots)
Will    .....        (amulet unavailable) Stlth
                     (ring unavailable)
HPRegen 0.33/turn    (ring unavailable)
MPRegen 0.13/turn    (no gizmo)

%: no passive effects
@: gold aura
A: off-hand wielding, slow wielding, warmup strikes, no jewellery
a: Invent Gizmo, Renounce Religion, Potion Petition, Call Merchant, Bribe Branch


You were on level 1 of the Lair of Beasts.
You worshipped Gozag.
Gozag was aware of your devotion.
You visited 3 branches of the dungeon, and saw 13 of its levels.

You collected 1394 gold pieces.
You spent 989 gold pieces at shops.
You paid 127 gold pieces to Gozag.

Inventory:

Hand Weapons
 a - a +0 war axe {Constanze}
 l - a +0 mace of protection {Guillermo}
 y - a +2 mace of protection (offhand) {Haruki}
 G - the +2 war axe "Suliseti" (weapon) {flame, rF+}
   (You bought it in a shop on level 6 of the Dungeon)

   rF+:       It protects you from fire.
Armour
 b - a +0 scale mail
 c - a +0 buckler
 h - a +0 chain mail (worn)
 z - a +1 cloak of stealth (worn)
 F - a +0 helmet (worn)
Wands
 m - a wand of roots (7)
 t - a wand of quicksilver (6)
 w - a wand of polymorph (7)
 A - a wand of flame (39)
Scrolls
 f - 3 scrolls of fog
 g - 5 scrolls of teleportation
 i - 3 scrolls of brand weapon
 k - 4 scrolls of vulnerability
 n - 2 scrolls of enchant armour
 p - a scroll of poison
 r - 3 scrolls of immolation
 D - a scroll of revelation
 E - 2 scrolls of enchant weapon
Potions
 d - 2 potions of might
 e - a potion of resistance {unknown}
 j - 4 potions of enlightenment {unknown}
 o - 4 potions of degeneration {unknown}
 q - a potion of attraction {unknown}
 s - 2 potions of curing
 u - 3 potions of heal wounds {unknown}
 v - a potion of invisibility {unknown}
 x - a potion of lignification {unknown}
 C - a potion of ambrosia {unknown}
Miscellaneous
 B - a sack of spiders


   Skills:
 - Level 3.0 Fighting
 + Level 13.9 Axes
 - Level 2.6 Armour
 - Level 2.1 Shields
 + Level 16.6 Evocations


You had 11 spell levels left.
You didn't know any spells.
Your spell library contained the following spells:

 Spells                   Type           Power      Damage    Failure   Level
 Sting                    Conj/Alch      0%         1d3       98%         1
 Ensorcelled Hibernation  Hex/Ice        0%         N/A       99%         2
 Jinxbite                 Hex            0%         N/A       99%         2
 Mercury Vapours          Alch/Air       0%         N/A       99%         2
 Fugue of the Fallen      Necr           0%         N/A       100%        3
 Ozocubu's Armour         Ice            0%         N/A       100%        3
 Sigil of Binding         Hex            0%         N/A       100%        3
 Tukima's Dance           Hex            0%         N/A       100%        3
 Anguish                  Hex/Necr       0%         N/A       100%        4
 Animate Armour           Summ/Erth      0%         N/A       100%        4
 Olgreb's Toxic Radiance  Alch           0%         N/A       100%        4
 Summon Blazeheart Golem  Fire/Summ      0%         N/A       100%        4
 Summon Lightning Spire   Summ/Air       0%         N/A       100%        4
 Lee's Rapid Deconstruct  Erth           0%         3d4*      100%        5
 Death Channel            Necr           0%         N/A       100%        6
 Sculpt Simulacrum        Ice/Alch       0%         N/A       100%        6
 Manifold Assault         Tloc           0%         N/A       100%        7
 Monstrous Menagerie      Summ           0%         N/A       100%        7
 Maxwell's Capacitive Co  Air            0%         ∞         100%        8


Dungeon Overview and Level Annotations

Branches:
Dungeon (11/15)            Temple (1/1) D:7            Lair (1/5) D:11
    Orc (0/2) D:9

Altars:
Ashenzari
Cheibriados
Dithmenos
Elyvilon
Fedhas
Gozag
Hepliaklqana
Kikubaaqudgha
Makhleb
Nemelex Xobeh
Okawaru
Qazlal
Ru
Sif Muna
Trog
Uskayaw
Vehumet
Wu Jian
Xom
Yredelemnul
Zin
The Shining One

Shops:
D:3 *   D:6 ***!:   D:7 *

Annotations:
D:2 1 runed translucent door, Crazy Yiuf
D:4 2 transporters
D:9 1 runed translucent door, Swamplord's ghost, novice MDFi


Innate Abilities, Weirdness & Mutations

You can wield a second weapon in your off-hand.
It takes a long time for you to wield or remove held weapons.
Your first few attacks do less damage.
You cannot equip rings or amulets.


Message History

A nearby fungus withers and dies.
The roots lose their grip on the fungus.
The cane toad stings you!
* * * LOW HITPOINT WARNING * * *
You are lethally poisoned!
The cane toad poisons you!
You barely miss the cane toad with the +2 war axe "Suliseti".
The cane toad is heavily wounded.
You sock the cane toad with your +2 mace of protection!
Your weapon exudes an aura of protection.
* * * LOW HITPOINT WARNING * * *
You feel very sick. The cane toad stings you.
* * * LOW HITPOINT WARNING * * *
Unknown command.
You feel better.
A cane toad comes into view.
The cane toad barely misses you.
The cane toad croaks.
Unknown command.
Aiming: Fastroot
Press: ? - help, Shift-Dir - straight line, f - you, p - cane toad The roots erupt in riotous growth!
Roots grab the cane toad. x2
The grasping roots constrict the cane toad!!
The grasping roots constrict the cane toad!
You kill the cane toad!
You hear a loud, deep croak!
The cane toad stings you!
* * * LOW HITPOINT WARNING * * *
You are lethally poisoned!
The cane toad poisons you!
Unknown command.
Unknown command.
Unknown command.
You feel better.
The grasping roots constrict the cane toad!
The cane toad stings you!
You die...
Your body crumbles into a pile of gold.

#....... ...~≈~≈≈≈~~~
#...##.# #.~≈~~≈~~~~
#...##.# #.~≈≈...~≈~
#...#..# #~≈≈≈~<.~≈≈
#...##.## ##.~≈≈~.~~~~
#...##.. #..~≈~≈≈≈≈≈~
#...#.$# ####.~~≈≈≈≈≈≈~
#...##$# ......~~~~≈~~.
#....#@#.........~~....
#....F.................
#......................
#......................
#...##.#...............
#...##.#.........######
#................#
###..............##
#...........)..P#


You could see a cane toad (rooted).

Vanquished Creatures
  Erolcha (D:10)
  A two-headed ogre (D:10)
  An arcanist (D:10)
  3 deep elf pyromancers (D:10)
  An ugly thing (D:11)
  A manticore (D:9)
  Maurice (D:7)
  A black mamba (Lair:1)
  3 cane toads
  5 trolls
  Grinder (D:4)
  A shadow (D:10)
  A wraith (D:11)
  6 yaks
  2 wyverns
  A basilisk (Lair:1)
  A steam dragon (D:8)
  A vampire mosquito (D:11)
  2 acid dragons
  2 water moccasins
  2 sky beasts
  2 ice beasts
  4 orc warriors
  3 black bears
  A centaur (D:6)
  2 ogres
  3 phantoms
  4 kobold brigands
  Blork the orc (D:4)
  2 gnoll sergeants
  5 scorpions
  5 bullfrogs
  3 wights (D:7)
  6 killer bees (D:9)
  8 howler monkeys
  A bullfrog zombie (D:4)
  2 bombardier beetles (D:4)
  A gnoll bouda (D:10)
  7 orc priests
  A human zombie (D:4)
  7 jellies
  4 hounds
  3 iguanas
  2 scorpion zombies (D:4)
  Terence (D:2)
  A sleepcap (D:6)
  Ijyb (D:3)
  5 orc wizards
  3 hell rats
  2 hound zombies (D:4)
  A howler monkey zombie (D:4)
  15 gnolls
  A river rat (D:11)
  6 adders
  3 shadow imps
  2 white imps
  3 adder zombies (D:4)
  An adder skeleton (D:4)
  A ribbon worm (D:3)
  26 orcs
  5 bats
  9 endoplasms
  7 giant cockroaches
  10 goblins
  5 hobgoblins
  5 jackals
  27 kobolds
  5 quokkas
  7 ball pythons
  2 frilled lizards
  5 rats
274 creatures vanquished.

Notes
Turn   | Place    | Note
-------+----------+-------------------------------------------
     0 | D:1      | DEFE the Coglin Fighter began the quest for the Orb.
     0 | D:1      | Reached XP level 1. HP: 18/18 MP: 1/1
   126 | D:1      | Reached XP level 2. HP: 20/24 MP: 2/2
   663 | D:1      | Reached XP level 3. HP: 26/29 MP: 3/3
  1366 | D:2      | Noticed Terence
  1377 | D:2      | Killed Terence
  1378 | D:2      | Reached XP level 4. HP: 19/35 MP: 4/4
  1585 | D:2      | Found a runed translucent door.
  1586 | D:2      | Noticed Crazy Yiuf
  1802 | D:3      | Noticed Ijyb
  1820 | D:3      | Killed Ijyb
  1955 | D:3      | Reached skill level 1 in Evocations
  1955 | D:3      | Reached XP level 5. HP: 22/41 MP: 5/5
  1960 | D:3      | Reached skill level 5 in Axes
  2519 | D:3      | Found Ylao's General Store.
  2523 | D:3      | Bought a scroll of identify for 26 gold pieces
  2641 | D:3      | Reached skill level 2 in Evocations
  2719 | D:4      | Reached skill level 3 in Evocations
  2719 | D:4      | Reached XP level 6. HP: 42/47 MP: 6/6
  2765 | D:4      | Noticed Grinder
  2772 | D:4      | Paralysed by Grinder for 4 turns
  2780 | D:4      | Killed Grinder
  2781 | D:4      | Reached skill level 4 in Evocations
  2781 | D:4      | Reached XP level 7. HP: 42/52 MP: 7/7
  2822 | D:4      | Found a transporter.
  2907 | D:4      | Found a transporter.
  2924 | D:4      | Reached skill level 5 in Evocations
  2952 | D:4      | Noticed Blork the orc
  2968 | D:4      | Killed Blork the orc
  3046 | D:4      | Reached skill level 6 in Evocations
  3350 | D:4      | Reached XP level 8. HP: 58/58 MP: 8/8
  3365 | D:4      | Found an ancient bone altar of Kikubaaqudgha.
  3381 | D:4      | Reached skill level 7 in Evocations
  3558 | D:5      | Entered Level 5 of the Dungeon
  3975 | D:5      | Reached skill level 8 in Evocations
  4274 | D:5      | Reached skill level 9 in Evocations
  4312 | D:5      | Found a glowing golden altar of the Shining One.
  4313 | D:5      | Found a hide-covered altar of Uskayaw.
  4415 | D:5      | Reached XP level 9. HP: 49/63 MP: 9/9
  5000 | D:6      | Found a burning altar of Makhleb.
  5020 | D:6      | Reached skill level 10 in Evocations
  5256 | D:6      | Found a hazy altar of Hepliaklqana.
  5304 | D:6      | Found Sompeg's Book Boutique.
  5305 | D:6      | Found Giddis's Distillery.
  5307 | D:6      | Found Ukidimes's General Store.
  5310 | D:6      | Found Feiraew's Assorted Antiques.
  5313 | D:6      | Found Larrash's General Store.
  5363 | D:6      | Bought a scroll labelled XECKUZOZXU for 22 gold pieces
  5363 | D:6      | Bought a scroll labelled PIPPEH WUVOSTAR for 22 gold pieces
  5363 | D:6      | Bought a scroll of identify for 44 gold pieces
  5363 | D:6      | Bought a scroll of identify for 44 gold pieces
  5371 | D:6      | Bought a potion of curing for 42 gold pieces
  5509 | D:6      | Found a radiant altar of Vehumet.
  6009 | D:7      | Reached skill level 11 in Evocations
  6122 | D:7      | Found Zuakleh's General Store.
  6133 | D:7      | Reached skill level 10 in Axes
  6351 | D:7      | Bought a scroll of identify for 26 gold pieces
  6365 | D:7      | Found a staircase to the Ecumenical Temple.
  6373 | Temple   | Entered the Ecumenical Temple
  6585 | D:7      | Found a shadowy altar of Dithmenos.
  6654 | D:7      | Noticed Maurice
  6682 | D:7      | Killed Maurice
  6683 | D:7      | Reached skill level 12 in Evocations
  6683 | D:7      | Reached XP level 10. HP: 70/70 MP: 10/10
  7489 | Temple   | Became a worshipper of Gozag Ym Sagoz the Greedy
  8102 | D:9      | Noticed a manticore
  8112 | D:9      | Killed a manticore
  8350 | D:9      | Reached skill level 13 in Evocations
  8749 | D:9      | Found a staircase to the Orcish Mines.
  8912 | D:9      | Found a runed translucent door.
  9099 | D:9      | Noticed Swamplord's ghost (novice MDFi)
  9116 | D:10     | Entered Level 10 of the Dungeon
  9246 | D:10     | Noticed a deep elf pyromancer
  9246 | D:10     | Noticed a deep elf pyromancer
  9247 | D:10     | Noticed an arcanist
  9251 | D:10     | Killed an arcanist
  9253 | D:10     | Killed a deep elf pyromancer
  9254 | D:10     | Reached skill level 14 in Evocations
  9260 | D:10     | Killed a deep elf pyromancer
  9260 | D:10     | Noticed a deep elf pyromancer
  9261 | D:10     | Reached XP level 11. HP: 54/75 MP: 11/11
  9263 | D:10     | Killed a deep elf pyromancer
 10068 | D:10     | Got Ruhuub's Atlas of Combed Thunderclap
 10436 | D:10     | Noticed Erolcha
 10438 | D:10     | Killed Erolcha
 10439 | D:10     | Reached skill level 15 in Evocations
 10686 | D:10     | Got the Incunable of Axaxaxas mlö
 10693 | D:10     | Got Ts'ui Pên's Vellum of Forking Paths
 10762 | D:10     | Noticed a two-headed ogre
 10772 | D:10     | Killed a two-headed ogre
 11341 | D:6      | Bought the +2 war axe "Suliseti" {flame, rF+} for 303 gold
                  | pieces
 11405 | D:11     | Noticed a manticore
 11405 | D:11     | Found a staircase to the Lair.
 12749 | D:11     | Noticed a red ugly thing
 12761 | D:11     | Killed a red ugly thing
 13124 | D:11     | Reached skill level 16 in Evocations
 13770 | D:11     | HP: 2/75 [troll (4)]
 14138 | D:11     | Identified the amulet "Xamm" {Faith rN+ Dex+5}
 14393 | D:6      | Bought a sack of spiders for 400 gold pieces
 14393 | D:6      | Bought a scroll of teleportation for 30 gold pieces
 14393 | D:6      | Bought a potion of curing for 30 gold pieces
 14455 | Lair:1   | Entered Level 1 of the Lair of Beasts
 14895 | Lair:1   | Reached XP level 12. HP: 81/81 MP: 12/12
 15013 | Lair:1   | HP: 3/81 [cane toad (16)]
 15014 | Lair:1   | Slain by a cane toad

Illustrated notes

Levels and vault maps discovered:
D:1:      dpeg_arrival_houses_and_road, layout_loops_ring, serial_forest,
          infiniplex_forest_join, infiniplex_forest_fountain,
          infiniplex_forest_lined_4_way, infiniplex_forest_3_way,
          infiniplex_forest_clump_tiny, kennysheep_boxes
D:2:      layout_rooms, interstate_on_off, nicolae_kite_square_tiling_tiny,
          uniq_crazy_yiuf_cottage, uniq_terence
D:3:      layout_loops_cross, serial_shops, nicolae_shop_back_alley_shop,
          nicolae_grassy_gnolls, uniq_ijyb
D:4:      gammafunk_steamed_eel, layout_rooms,
          lemuel_mausoleum_altar_kikubaaqudgha, hangedman_decor_clover_reticule,
          uniq_blork_the_orc, uniq_grinder
D:5:      layout_basic, nicolae_overflow_squiral, minmay_misc_feat_iff,
          st_stairs_2, chequers_serial_rivers_room_a
D:6:      minmay_skewed_foursquare, layout_basic, amcnicky_altar_gilded,
          mainiacjoe_overflow_brackets, lemuel_tele_altar, minivault_24,
          nicolae_shop_national_dungeon_mall
D:7:      layout_cave_pools, mainiacjoe_overflow_boulevard,
          minmay_temple_entry_hall, serial_shops, shop,
          dreamdust_mushroom_princess, minivault_4, uniq_maurice
D:8:      layout_basic
D:9:      layout_rooms, david_orc_3, ebering_ghost_reflecting_pool
D:10:     layout_long_grid, serial_rivers, chequers_serial_rivers_room_b,
          chequers_serial_rivers_room_b, chequers_serial_rivers_room_b,
          chequers_serial_rivers_small_b, chequers_serial_rivers_micro_d,
          chequers_serial_rivers_large_a, st_stairs_14,
          minmay_misc_feat_hallway, bh_hangedman_babel_library, uniq_erolcha
D:11:     layout_rooms, dpeg_lair_monsters, kennysheep_generic_room_8
Temple:   minmay_freezing_vapour_temple
Lair:1:   layout_gridlike, st_stairs_6, beast_lair_carwin_1,
          infiniplex_staircase_pool_2, lemuel_fruit_tree

Skill      XL: |  1  2  3  4  5  6  7  8  9 10 11 |
---------------+----------------------------------+-----
Axes           | 3 4 5 6 7 8 10 12 13 | 13.9
Evocations     | 1 3 4 6 9 12 14 16 | 16.6
Fighting       | |  3.0
Armour         | |  2.6
Shields        | |  2.1

Action                     |  1- 3 |  4- 6 |  7- 9 | 10-12 || total
---------------------------+-------+-------+-------+-------++-------
  Melee: War axe           |   115 |    72 |   245 |   227 ||   659
         Mace              |       |    66 |   229 |   293 ||   588
  Evoke: Wand              |       |     1 |     6 |    27 ||    34
    Use: Scroll            |       |     2 |     6 |     6 ||    14
         Potion            |       |       |     1 |     2 ||     3
   Stab: Distracted        |       |       |       |     1 ||     1
 Armour: Scale mail        |    64 |       |       |       ||    64
         Chain mail        |    43 |    82 |   293 |   387 ||   805
  Dodge: Dodged            |    58 |    20 |    78 |   122 ||   278
  Block: Buckler           |    35 |       |       |       ||    35

Table legend: (Time is in decaauts)
 A = Elapsed time spent in this place.
 B = Non-inter-level travel time spent in this place.
 C = Inter-level travel time spent in this place.
 D = Time resting spent in this place.
 E = Time spent auto-exploring this place.
 F = Levels seen in this place.
 G = Mean time per level.
                   A        B        C        D        E       F      G
               +--------+--------+--------+--------+--------+-----+--------+
         Total |  15156 |  14423 |    733 |   5426 |   7018 |  13 | 1165.8 |
       Dungeon |  14572 |  13853 |    719 |   5144 |   6805 |  11 | 1324.7 |
        Temple |     25 |     12 |     13 |      0 |      0 |   1 |   25.0 |
          Lair |    558 |    558 |      0 |    282 |    212 |   1 |  558.0 |
               +--------+--------+--------+--------+--------+-----+--------+

Top non-repeatable levels by time:
    D:10: 3482 daAuts
     D:9: 1685 daAuts
     D:6: 1358 daAuts
     D:8: 1098 daAuts
    D:11: 1095 daAuts
     D:7: 1094 daAuts
     D:4: 1091 daAuts
     D:1: 1010 daAuts
     D:3: 985 daAuts
     D:5: 894 daAuts
     D:2: 776 daAuts
  Lair:1: 558 daAuts
  Temple: 25 daAuts
